 Dungeon Crawl Stone Soup version 0.31.0-32-g396128a36d (webtiles) character file.

Game seed: 1758784530511172854

52 mainiacjoe the Vexing (level 3, -3/20 HPs)
             Began as a Deep Elf Hexslinger on Apr 3, 2024.
             Slain by Sigmund
             ... wielding a +0 scythe
              (7 damage)
             ... on level 3 of the Dungeon.
             The game lasted 00:04:31 (1843 turns).

mainiacjoe the Vexing (Deep Elf Hexslinger)         Turns: 1843, Time: 00:04:31

Health: -3/20      AC:  6    Str:  5    XL:     3   Next: 60%
Magic:  8/8        EV: 12    Int: 19    God:
Gold:   82         SH:  4    Dex: 17    Spells: 1/6 levels left

rFire   . . .        a - +1 sling
rCold   . . .        f - +0 buckler
rNeg    . . .        c - +0 robe
rPois   .            (no helmet)
rElec   .            (no cloak)
rCorr   .            (no gloves)
SInv    .            (no boots)
Will    .....        (no amulet)
Stlth   ++           g - +4 ring of protection
HPRegen 0.23/turn    (no ring)
MPRegen 0.11/turn

%: no passive effects
@: no status effects
A: no striking features
a: no special abilities


You were on level 3 of the Dungeon.
You visited 1 branch of the dungeon, and saw 3 of its levels.

You collected 82 gold pieces.

Inventory:

Hand Weapons
 a - a +1 sling (weapon)
 b - a +0 short sword
Missiles
 i - 21 stones
Armour
 c - a +0 robe (worn)
 f - a +0 buckler (worn)
 j - a +0 kite shield
Jewellery
 g - a +4 ring of protection (left hand)
Scrolls
 d - 2 scrolls of poison


   Skills:
 - Level 0.7 Fighting
 + Level 3.9 Ranged Weapons
 - Level 2.4 Dodging
 + Level 0.9 Shields
 - Level 2.0 Spellcasting
 + Level 4.9 Hexes
 - Level 1.1 Fire Magic


You had one spell level left.
You knew the following spells:

 Your Spells              Type           Power      Damage    Failure   Level
a - Jinxbite              Hex            40%        N/A       6%          2
b - Sigil of Binding      Hex            20%        N/A       13%         3

Your spell library contained the following spells:

 Spells                   Type           Power      Damage    Failure   Level
 Inner Flame              Hex/Fire       13%        N/A       26%         3
 Dazzling Flash           Conj/Hex       22%        N/A       34%         3
 Cause Fear               Hex            10%        N/A       38%         4
 Volatile Blastmotes      Fire/Tloc      6%         2d10      58%         3
 Dimensional Bullseye     Hex/Tloc       5%         N/A       75%         4
 Starburst                Conj/Fire      1%         6d3       100%        6
 Maxwell's Capacitive Co  Air            0%         ∞         100%        8


Dungeon Overview and Level Annotations

Branches:
Dungeon (3/15)

Altars:

Annotations:
D:3 Sigmund


Message History

Sigmund is lightly wounded.
Sigmund barely misses you.
You hit Sigmund.
Sigmund is moderately wounded.
Sigmund hits you with a +0 scythe.
You hit Sigmund but do no damage.
Sigmund is moderately wounded.
You hit Sigmund.
Sigmund is moderately wounded.
Sigmund hits you but does no damage.
You barely miss Sigmund.
Sigmund is moderately wounded.
Sigmund barely misses you.
You hit Sigmund but do no damage.
Sigmund is moderately wounded.
Sigmund casts a spell.
Sigmund flickers and vanishes!
Deactivating autopickup; reactivate with Ctrl-A.
You barely miss something. Something hits you.
You miss something. You closely miss something.
Something hits you but does no damage.
a - a +1 sling (weapon)
You shoot a sling bullet. Something hits you but does no damage.
You shoot a sling bullet. Something hits you but does no damage.
You shoot a sling bullet. Something hits you.
You shoot a sling bullet.
You hear some strange, mumbled words.
A magic dart appears from out of thin air!
The magic dart hits you.
You shoot a sling bullet. Something hits you but does no damage.
You shoot a sling bullet. Something completely misses you.
You shoot a sling bullet. Something hits you but does no damage.
You shoot a sling bullet. You block something's attack.
You shoot a sling bullet. Something hits you but does no damage.
You shoot a sling bullet. You shoot a sling bullet.
Something hits you but does no damage.
You shoot a sling bullet. Something hits you.
* * * LOW HITPOINT WARNING * * *
You shoot a sling bullet. Something hits you!
You die...

#.# #..... ##.##
###'## #...# ##...#
####...### ##.....
#........# ##......
#..##....###......†
#..#.......+.......
#..#...>.###.......
#.@#.#.#.# ##......
#.{#^###.# ##.....
#........# ##...#
####.##### ##+##
#....@..# #..####.#
#..# #..# #...


There were no monsters in sight!

Vanquished Creatures
  2 adders
  6 bats
  6 endoplasms
  6 goblins
  2 hobgoblins (D:1)
  3 kobolds
  A quokka (D:2)
  A ball python (D:1)
  3 frilled lizards
  A rat (D:2)
31 creatures vanquished.

Notes
Turn   | Place    | Note
-------+----------+-------------------------------------------
     0 | D:1      | mainiacjoe the Deep Elf Hexslinger began the quest for the
                  | Orb.
     0 | D:1      | Reached XP level 1. HP: 11/11 MP: 5/5
   259 | D:1      | Reached XP level 2. HP: 15/16 MP: 7/7
   266 | D:1      | Learned a level 2 spell: Jinxbite
   284 | D:1      | You fall into a shaft and drop 1 floor!
  1307 | D:2      | Reached XP level 3. HP: 20/20 MP: 8/8
  1311 | D:2      | Learned a level 3 spell: Sigil of Binding
  1636 | D:2      | Found a faded altar of an unknown god.
  1636 | D:2      | Noticed a hellwing
  1791 | D:3      | Noticed Sigmund
  1843 | D:3      | Slain by Sigmund

Illustrated notes

Levels and vault maps discovered:
D:1:      dpeg_arrival_rhombus, layout_loops_corners
D:2:      layout_loops_ring, dreamdust_ecumenical_altar_sealed_demon
D:3:      minmay_chambers_of_threes, layout_loops_corners, uniq_sigmund,
          uniq_ijyb

Skill      XL: |  1 |
---------------+----+-----
Ranged Weapons | 3 |  3.9
Spellcasting   | 2 |  2.0
Fighting       | |  0.7
Dodging        | |  2.4
Shields        | |  0.9
Hexes          | |  4.9
Fire Magic     | |  1.1

Action                     || total
---------------------------++-------
  Melee: Short sword       ||    16
   Fire: Sling             ||    98
   Cast: Sigil of Binding  ||     1
    Use: Scroll            ||     3
         Potion            ||     4
 Armour: Robe              ||    40
  Dodge: Dodged            ||    24
  Block: Buckler           ||     3
